FIQ, neutral male gnomish Wizard ---- --... ..... ---- --- -....-- |<.---- ---.--- -.....- ---.....-- |.....-- - |......--........---........| | ---------......................-.--- |...........................G.....G^...| --- --------... ---.--f.....).......--- -- ---|......----...-- --..---- --..| ---- |..| ---- FIQ the Evoker Experience level: 1 Strength: 8 Dexterity: 17 Constitution: 13 Intelligence: 19 Wisdom: 14 Charisma: 9 Health: 11(11) Energy: 6(6) Def: 2 Gold: 146 Moves: 1588 Dungeon seed: CJ9SJbLceY9sIQkW Game ID: FIQ_1709085106 Your Inventory: Coins $ - 146 gold pieces Weapons a - a blessed +1 quarterstaff (weapon in hands) k - an uncursed +0 elven dagger (alternate weapon; not wielded) Armor e - an uncursed +0 cloak of magic resistance (being worn) n - an uncursed +0 orcish helm (being worn) Scrolls i - an uncursed scroll of amnesia o - an uncursed scroll of food detection Potions l - an uncursed potion of water p - an uncursed potion of healing Wands b - an uncursed wand of striking (0:6) Tools h - an uncursed blindfold Gems q - 4 uncursed worthless pieces of blue glass Spells and supernatural/magical abilities: Name Level Category Cost Memory a - force bolt 1 attack 8pw 98% m - magic missile 2 attack 16pw 98% A - create familiar 3 clerical 37pw 99% I - identify 2 divination 25pw 98% K - cure sickness 3 healing 37pw 98% W - pray for help -- divine ? -- Your skills at the end: Fighting Skills wands [Basic] Weapon Skills quarterstaff [Basic] Spellcasting Skills attack spells [Basic] enchantment spells [Basic] Final Attributes: You had strayed. You were magic resistant. You had infravision. You angered your god just now. Thoth was noncommittal. You survived. Vanquished creatures: a little dog a homunculus a gas spore 2 hobbits a large kobold a giant rat a brown mold a yellow mold a green mold 2 jackals 3 foxes a kobold 3 goblins a sewer rat 9 grid bugs 6 lichens a kobold zombie 6 newts 42 creatures vanquished. Voluntary challenges: You used a wielded weapon 3 times, starting on turn 247. You read items or engraved 9 times, starting on turn 441. You never genocided any monsters. You never polymorphed an object. You never changed form. You used no wishes. You never split a pudding. You never wrote Elbereth's name. You violated your moral code, losing 4 points of alignment, starting on turn 264. Dungeon overview: The Dungeons of Doom: levels 1 to 3 Level 1 a vault a long staircase Level 2 a fountain Level 3 some fountains stairs to The Gnomish Mines The Gnomish Mines: Level 4 <- You were here stairs to The Dungeons of Doom History has recorded: On T:1 you entered the Dungeons of Doom to retrieve the Amulet of Yendor! On T:268 you reached level 2 of The Dungeons of Doom. On T:977 you reached level 3 of The Dungeons of Doom. On T:1504 you reached level 1 of The Gnomish Mines. Score breakdown: Gold: 146 ( 7372 points) Experience: 1 level ( 0 points) Exploration: 4 levels ( 8.16%) ( 7500 points) Discoveries: 1 item ( 0.34%) ( 1737 points) Valuables value: (no points given unless you survive) Artifact value: 0 ( 0 points) Variety of kills: 18 monsters ( 4.74%) ( 6529 points) Turncount: 1588 turns ( 0 points) Survival: quit (score multiplied by 90%) Total score: 20824 Latest messages: The homunculus misses the large cat. The homunculus bites the large cat. The large cat misses the homunculus. (2x) The homunculus misses the large cat. The large cat misses the homunculus. The large cat bites the homunculus. The homunculus is killed! The hobbit misses the large cat. The large cat bites the fox. The fox is killed! You faint from lack of food. The large cat bites the hobbit. The hobbit is killed! You come to. [10 turns] You see here a sling. You don't find anything here to loot. You begin praying to Thoth. The large cat bites the grid bug. The grid bug is killed! You feel that Thoth is displeased. [3 turns] Final status: Goodbye FIQ the Wizard, quit... You quit in The Gnomish Mines on dungeon level 4 with 20824 points, and 146 pieces of gold, after 1588 moves. You were level 1 with a maximum of 11 hit points when you quit.